[Event "Club Ajedrez Silla 60 Years 2022"]
[Site "Silla"]
[Date "2022.05.13"]
[Round "10.1"]
[White "Kotronias, Vasilios"]
[Black "Petrov, Marian"]
[Result "1/2-1/2"]
[WhiteElo "2465"]
[BlackElo "2456"]
[Annotator "TA"]
[PlyCount "19"]
[EventDate "2022.05.09"]
[EventType "tourn"]
[EventCountry "ESP"]
[SourceTitle "playchess.com"]
[Source "ChessBase"]
[SourceQuality "1"]
[TimeControl "5400+30"]

1. e4 c5 2. Nf3 d6 3. d4 cxd4 4. Nxd4 Nf6 5. Nc3 a6 6. Be3 {[%emt 0:00:05] [#]} Ng4 $146 ({Predecessor:} 6... e5 7. Nb3 Be6 8. f3 Nbd7 9. g4 h6 10. Qd2 b5 11. O-O-O Nb6 12. Qf2 Rb8 13. Nc5 b4 14. Nb1 d5 15. Nxe6 fxe6 16. exd5 Nbxd5 17. Nd2 Qc7 18. Bd3 Be7 19. Bg6+ Kf8 20. Kb1 Nxe3 21. Qxe3 {1-0 (59) Dominguez Perez,L (2756)-Shankland,S (2709) Saint Louis 2022}) 7. Bc1 Nf6 8. Be3 Ng4 9. Bc1 Nf6 10. Be3 {[%emt 0:00:04] 10.Be3 has lost popularity.} 1/2-1/2

[Event "Club Ajedrez Silla 60 Years 2022"]
[Site "Silla"]
[Date "2022.05.13"]
[Round "10.2"]
[White "Salvador Lopez, Daniel"]
[Black "Ilinca Ilinca, Felix Antonio"]
[Result "1/2-1/2"]
[ECO "A45"]
[WhiteElo "2134"]
[BlackElo "2165"]
[Annotator "TA"]
[PlyCount "108"]
[EventDate "2022.05.09"]
[EventType "tourn"]
[EventCountry "ESP"]
[SourceTitle "playchess.com"]
[Source "ChessBase"]
[SourceQuality "1"]
[TimeControl "5400+30"]

1. d4 Nf6 2. Bg5 c5 3. d5 Qb6 4. Nc3 Qxb2 5. Bd2 Qb6 6. e4 e5 7. f4 d6 $1 8. Rb1 {[%emt 0:00:20] A45: Trompowsky Attack.} Qd8 9. Nf3 {[%emt 0:00:30] Hoping for Bb5+.} exf4 10. Bxf4 {[%emt 0:00:26] The position is equal.} a6 {[%emt 0:01:58] Inhibits Bb5+.} 11. a4 {[%emt 0:02:34] [#] Inhibits b5.} Nbd7 $146 (11... Nh5 $5 12. Be3 g6 $11) ({Predecessor:} 11... Be7 12. Bc4 O-O 13. O-O Nbd7 14. h3 Qa5 15. Bd2 Qc7 16. Bg5 Re8 17. Qd2 Qa5 {0-1 (37) Delgado Pico,L (2009)-Alonso Gomez,R (1858) Santa Eulalia de Roncana 2019}) 12. Bd3 Be7 13. O-O Qc7 (13... Ng4 $11) 14. Qe2 ({White should play} 14. Nd2 $14) 14... Ne5 15. Bxe5 dxe5 16. Nd2 Bg4 (16... O-O $11) 17. Qe1 $1 $14 O-O 18. Nc4 {[%emt 0:00:37][%cal Od5d6] And now d6! would win.} Nd7 $2 {[%emt 0:01:42][%mdl 8192] [#]} (18... Rad8 $14) 19. d6 $2 ({White must play} 19. Qg3 $1 $18) 19... Bxd6 $11 20. Nd5 {[%emt 0:01:07] Pair of Knights!} Qb8 21. Nf6+ $2 Nxf6 $19 22. Rxf6 gxf6 23. Qg3 {[%emt 0:01:35] [#]} Kh8 $1 24. Qxg4 Bc7 25. Qf5 Qd8 {[%emt 0:05:34][%cal Ob7b5] aiming for ...b5!} 26. Ne3 (26. Rxb7 $15 {was preferrable.} Rg8 27. g3) 26... Rg8 $17 27. Nd5 Rg5 28. Qf3 Rb8 29. h4 Rg7 30. c4 b5 31. cxb5 c4 32. Bxc4 axb5 (32... Bb6+ $19 33. Nxb6 Qxb6+ 34. Qf2 axb5 35. Qxb6 Rxb6) 33. Bxb5 $2 (33. Rxb5 $17 {was called for.} Rc8 34. Bd3) 33... Bb6+ $19 34. Nxb6 Qxb6+ ({Worse is} 34... Rxb6 35. Rd1 Rd6 36. Rxd6 Qxd6 37. Kh2 $17) 35. Kh2 Rbg8 36. Rf1 $2 (36. Rb2) 36... Rxg2+ 37. Qxg2 Rxg2+ 38. Kxg2 {[%emt 0:00:04][%mdl 4096] Endgame KQ-KRB} Kg7 39. Bd7 Qd4 40. Bf5 h5 41. Rf3 Qxa4 42. Rg3+ Kf8 43. Rh3 Qc2+ 44. Kg1 Qe2 45. Rg3 Ke7 46. Rh3 Kd6 47. Rg3 Kc5 48. Rc3+ Kd4 49. Rg3 Qe1+ 50. Kg2 Qd2+ 51. Kg1 Qf4 52. Rh3 Qd2 53. Rg3 $1 Qe1+ 54. Kg2 Qe2+ $2 {[%emt 0:01:03] Weighted Error Value: White=0.34/Black=0.44} (54... Kc5 $19 55. Bh7 Qe2+ 56. Kh3 Qf1+ 57. Kh2 Qf2+ 58. Kh3 Qe1) 1/2-1/2

[Event "Club Ajedrez Silla 60 Years 2022"]
[Site "Silla"]
[Date "2022.05.13"]
[Round "10.3"]
[White "Krasteva, Beloslava"]
[Black "Granero Roca, Antonio"]
[Result "0-1"]
[ECO "E90"]
[WhiteElo "2268"]
[BlackElo "2340"]
[Annotator "TA"]
[PlyCount "84"]
[EventDate "2022.05.09"]
[EventType "tourn"]
[EventCountry "ESP"]
[SourceTitle "playchess.com"]
[Source "ChessBase"]
[SourceQuality "1"]
[TimeControl "5400+30"]

1. d4 Nf6 2. c4 g6 3. Nc3 Bg7 4. e4 d6 5. h3 O-O 6. Be3 Na6 7. Nf3 c5 8. d5 {[%emt 0:00:12] E90: King's Indian: Classical: Early deviations and 6 h3.} Nc7 9. Bd3 a6 10. O-O {[%emt 0:06:43] White is better.} b5 11. e5 Nd7 12. exd6 exd6 {[%emt 0:00:10] [#]} 13. Bg5 $146 ({Predecessor:} 13. cxb5 axb5 14. Nxb5 Nxb5 15. Bxb5 Bxb2 16. Rb1 Bg7 17. a4 Nb6 18. Bc6 Ra6 19. Qb3 {1-0 (28) Zaichenko,D (2030)-Tashimova,N (2094) Novosibirsk 2007}) 13... f6 14. Bf4 bxc4 15. Bxc4 Ne5 16. Nxe5 fxe5 17. Be3 Rb8 18. Qe2 Kh8 (18... Qh4 $11) 19. a4 Qh4 {[%emt 0:03:40] Inhibits Ne4.} 20. Rab1 Bf5 21. Bd3 {[%emt 0:00:29] [#]} (21. Rbe1 $11 {remains equal.}) 21... Rb4 {[%emt 0:03:51] Black is more active.} (21... e4 $1 $17 22. Bc2 Be5) 22. Bxf5 (22. f3 $15) 22... gxf5 $17 (22... Rxf5 $6 23. f3 $11) 23. f4 exf4 24. Bf2 (24. Bd2 $17) 24... Qg5 $19 25. Qd2 $2 (25. Kh1) 25... Rg8 26. Be1 Rd4 27. Qc2 {[%emt 0:01:47] [#]} (27. Qe2) 27... Rd3 $3 28. Bh4 {[%emt 0:09:20] [#]} (28. Kh1 f3) 28... Qg6 {[%emt 0:06:23] Threatens to win with ...Rxh3.} 29. Kh1 {[%emt 0:08:08] [#]} (29. Ne2 Nxd5) 29... Be5 $1 30. Rg1 c4 {[%emt 0:05:22] And now ...Qh6 would win.} 31. Rbd1 Qh5 ({And not} 31... Bd4 32. Bf2 Bxf2 33. Qxf2 $17) 32. Rxd3 cxd3 33. Qf2 d2 34. Nd1 Nxd5 {[%emt 0:00:41][%cal Od5e3] aiming for ...Ne3!} 35. Qxd2 Ne3 ({Don't go for} 35... Qxh4 $2 36. Qxd5 Rg3 37. Qa8+ Kg7 38. Qc8 $19) 36. Be7 Qh6 {[%emt 0:02:44] Strongly threatening ...Rg3.} 37. Qf2 Rg3 (37... Nd5 $142 38. Bh4 f3) 38. Nxe3 Rxe3 39. Re1 $2 {[%emt 0:01:51][%mdl 8192] This move loses the game for White.} (39. Qc2 $17 Qe6 40. Qc7) 39... Rxe1+ 40. Qxe1 f3 $1 {[%emt 0:00:10] White must now prevent ...Qf4.} 41. gxf3 (41. Qg1 $19 fxg2+ 42. Qxg2 Qc1+ 43. Qg1 Qc6+ 44. Qg2 Qc1+ 45. Qg1 Qxb2 46. Bg5) 41... Qxh3+ 42. Kg1 Bd4+ {[%emt 0:00:00] Weighted Error Value: White=0.76/Black=0.22 (precise)} 0-1